 Dungeon Crawl Stone Soup version 0.31-a0-819-gf6de2f5ab6 (webtiles) character file.

Game seed: 13692880227896258144

52 qw the Shooter (level 3, -3/19 HPs)
             Began as a Gargoyle Hunter on Sept 23, 2023.
             Slain by an orc
             ... wielding a +0 hand axe
              (5 damage)
             ... on level 3 of the Dungeon.
             The game lasted 00:00:30 (1182 turns).

qw the Shooter (Gargoyle Hunter)                    Turns: 1182, Time: 00:00:31

Health: -3/19      AC: 11    Str: 14    XL:     3   Next: 85%
Magic:  3/3        EV: 11    Int:  7    God:
Gold:   7          SH:  0    Dex: 17    Spells: 2/2 levels left

rFire   . . .        Y - +0 shortbow
rCold   . . .        (shield currently unavailable)
rNeg    + . .        h - +0 ring mail
rPois   inf          (no helmet)
rElec   +            (no cloak)
rCorr   +            j - +0 pair of gloves
SInv    +            (no boots)
Will    .....        (no amulet)
Stlth   ++           f - ring of see invisible
HPRegen 0.23/turn    a - ring of resist corrosion
MPRegen 0.08/turn

%: no passive effects
@: no status effects
A: sickness immunity, AC +3, negative energy resistance 1, electricity
resistance, torment resistance 1, petrification resistance, iridescent scales 1,
thin skeletal structure 1, dopey 1, frail 1, noise suppression
a: no special abilities


You were on level 3 of the Dungeon.
You visited 1 branch of the dungeon, and saw 3 of its levels.

You collected 137 gold pieces.
You spent 130 gold pieces at shops.


Innate Abilities, Weirdness & Mutations

You are immune to sickness and miasma.
Your stone body is resilient. (AC +3)
You are immune to poison.
You resist negative energy. (rN+)
You are resistant to electric shocks. (rElec)
You are resistant to unholy torment.
You are immune to petrification.
You are partially covered in iridescent scales. (AC +2)
You have a somewhat thin skeletal structure. (Dex +2, Stealth+)
You are dopey. (Int -2)
You are frail. (-10% HP)
You passively dampen the noise of your surroundings.


   Skills:
 - Level 2.9 Fighting
 - Level 5.0 Ranged Weapons
 + Level 0.5 Armour
 - Level 1.5 Dodging
 - Level 1.1 Stealth


You had 2 spell levels left.
You didn't know any spells.
Your spell library was empty.

Inventory:

Hand Weapons
 Y - a +0 shortbow (weapon)
Armour
 h - a +0 ring mail (worn)
 j - a +0 pair of gloves (worn)
Jewellery
 a - a ring of resist corrosion (right hand)
 f - a ring of see invisible (left hand)
Potions
 b - 2 potions of curing
 d - a potion of lignification {unknown}
 e - a potion of degeneration {unknown}
 k - a potion of ambrosia {unknown}
 m - a potion of haste

Dungeon Overview and Level Annotations

Branches:
Dungeon (3/15)

Altars:
Vehumet

Shops:
D:2 ?!(

Annotations:
D:2 2 transporters


Message History

A worm comes into view.
Found a scroll labelled ERILELOAMM.
A malevolent force fills the Dungeon... and a teleportation trap spontaneously manifests!
You are yanked towards some nearby monsters!
Your surroundings suddenly seem different. 4 orcs come into view.
An orc is wielding a +1 falchion of draining.
Found 12 gold pieces and a fizzy coppery potion.
Found a stone staircase leading up.
The orc shouts!
The worm moves out of view.
You shoot an arrow. The orc shouts!
The arrow hits the orc but does no damage.
You shoot an arrow. The arrow hits the orc.
The orc is heavily wounded.
You shoot an arrow. The arrow closely misses the orc.
The orc hits you with a +1 falchion of draining.
You shoot an arrow. The arrow hits the orc!
You kill the orc!
The orc hits you with a +0 hand axe. The orc hits you but does no damage.
You shoot an arrow. The arrow hits the orc.
The orc is moderately wounded.
The orc hits you with a +0 flail. The orc hits you but does no damage.
You shoot an arrow. The arrow closely misses the orc.
The orc hits you but does no damage. The orc barely misses you. x2
You shoot an arrow. The arrow hits the orc.
The orc is moderately wounded.
The orc barely misses you. x2; The orc hits you but does no damage.
The orc closely misses you. The orc hits you with a +0 flail.
The orc hits you but does no damage.
You shoot an arrow. The arrow hits the orc!
You kill the orc!
The orc hits you but does no damage. The orc barely misses you.
You shoot an arrow. The arrow closely misses the orc.
The orc misses you. The orc barely misses you.
You shoot an arrow. The arrow hits the orc.
The orc is almost dead.
The orc hits you with a +0 hand axe.
You die...

## #.
.####.
......
......#####
.......!..#
........+
#.)oo.#
#..@..#
#$....#
###......
.<.......
#..######
##.. ##


You could see 2 orcs.

Vanquished Creatures
  An adder (D:2)
  2 dart slugs (D:1)
  2 orcs (D:3)
  A bat (D:1)
  4 endoplasms
  4 goblins
  6 hobgoblins
  3 kobolds
  3 quokkas (D:1)
  2 ball pythons (D:2)
  3 frilled lizards (D:2)
  3 rats
34 creatures vanquished.

Notes
Turn   | Place    | Note
-------+----------+-------------------------------------------
     0 | D:1      | qw the Gargoyle Hunter began the quest for the Orb.
     0 | D:1      | Reached XP level 1. HP: 12/12 MP: 1/1
     0 | D:1      | 0 ||| qw: Version: 0.3-a-83-gcd0e7d8
     0 | D:1      | 0 ||| qw: Game counter: 1427
     0 | D:1      | 0 ||| qw: Melee chars always use a shield: true
     0 | D:1      | 0 ||| qw: God list: Okawaru
     0 | D:1      | 0 ||| qw: Allow faded altars: false
     0 | D:1      | 0 ||| qw: Do Orc after clearing Dungeon:15 true
     0 | D:1      | 0 ||| qw: Do second Lair branch before Depths: true
     0 | D:1      | 0 ||| qw: Lair rune preference: random
     0 | D:1      | 0 ||| qw: Goals: Normal
     0 | D:1      | 0 ||| PLANNING D:1-11
    39 | D:1      | Reached XP level 2. HP: 17/17 MP: 2/2
   185 | D:1      | Reached XP level 3. HP: 21/21 MP: 3/3
   362 | D:1      | 362 ||| UPGRADING to ring of see invisible.
   363 | D:1      | 363 ||| READING scroll labelled BAERHA OSAW.
   364 | D:1      | 364 ||| READING scroll labelled JEUP HECIEREM.
   365 | D:1      | 365 ||| READING scroll labelled ULES ZECYN.
   366 | D:1      | 366 ||| READING scroll labelled OXATONIEVE.
   367 | D:1      | 367 ||| DROPPING scroll of butterflies.
   425 | D:2      | Reached skill level 5 in Ranged Weapons
   551 | D:2      | Found Adoeph's Weapon Emporium.
   581 | D:2      | Found a transporter.
   587 | D:2      | Found Darch's Magic Scroll Emporium.
   768 | D:2      | Found a radiant altar of Vehumet.
   847 | D:2      | Found Kiat's Distillery.
   858 | D:2      | 858 ||| BUYING potion of curing (30 gold).
   858 | D:2      | Bought a potion of curing for 30 gold pieces
   858 | D:2      | 858 ||| BUYING potion of haste (100 gold).
   858 | D:2      | Bought a potion of haste for 100 gold pieces
   858 | D:2      | 858 ||| SHOPLISTING potion of mutation (80 gold, have 7).
   858 | D:2      | 858 ||| SHOPLISTING potion of resistance (100 gold, have
                  | 7).
   976 | D:2      | Found a transporter.
  1120 | D:2      | 1120 ||| UPGRADING to +0 ring mail.
  1130 | D:2      | 1130 ||| DROPPING +0 leather armour.
  1131 | D:2      | 1131 ||| UPGRADING to +0 pair of gloves.
  1136 | D:2      | 1136 ||| UPGRADING to ring of resist corrosion.
  1137 | D:2      | 1137 ||| READING scroll labelled DICOQE SYINE.
  1141 | D:2      | 1141 ||| READING scroll labelled JASAMOU XUKIH.
  1142 | D:2      | 1142 ||| DRINKING 2 red potions.
  1142 | D:2      | Gained mutation: You are dopey. (Int -2) [potion of
                  | mutation]
  1142 | D:2      | Gained mutation: You have a pair of small antennae on your
                  | head. [potion of mutation]
  1142 | D:2      | Gained mutation: You are frail. (-10% HP) [potion of
                  | mutation]
  1142 | D:2      | Gained mutation: You are somewhat resistant to further
                  | mutation. [potion of mutation]
  1143 | D:2      | 1143 ||| DRINKING potion of mutation.
  1143 | D:2      | Lost mutation: You have a pair of small antennae on your
                  | head. [potion of mutation]
  1143 | D:2      | Lost mutation: You are somewhat resistant to further
                  | mutation. [potion of mutation]
  1143 | D:2      | Gained mutation: You have a somewhat thin skeletal
                  | structure. (Dex +2, Stealth+) [potion of mutation]
  1143 | D:2      | Gained mutation: You passively dampen the noise of your
                  | surroundings. [potion of mutation]
  1143 | D:2      | Gained mutation: You are partially covered in iridescent
                  | scales. (AC +2) [potion of mutation]
  1168 | D:3      | 1168 ||| PLANNING SEWER
  1179 | D:3      | HP: 1/19 [orc/+0 flail (6)]
  1182 | D:3      | Slain by an orc

Levels and vault maps discovered:
D:1:      giann_bridges, layout_rooms, hangedman_abyss_or_decor_stabs
D:2:      layout_loops_ring, basic_altar, serial_shops, nicolae_shop_waterfront,
          nicolae_shop_drivethru, nicolae_shop_real_fake_doors
D:3:      layout_basic, cheibrodos_sewer_entry_sluice

Skill      XL: |  1  2  3 |
---------------+----------+-----
Ranged Weapons | 5 |  5.0
Fighting       | |  2.9
Armour         | |  0.5
Dodging        | |  1.5
Stealth        | |  1.1

Action                     || total
---------------------------++-------
   Fire: Shortbow          ||   105
    Use: Scroll            ||     6
         Potion            ||     2
 Armour: Leather armour    ||    16
         Ring mail         ||    12
  Dodge: Dodged            ||    27

Table legend:
 A = Non-vault XP
 B = Vault XP
 C = Vault XP percentage of total XP
 D = Non-vault monster count
 E = Vault monster count
 F = Vault count percentage of total count
                 A         B        C        D         E       F
            +---------+---------+-------+---------+---------+-------
      Total |      75 |       0 |   0.0 |      34 |       0 |   0.0
            +---------+---------+-------+---------+---------+-------
        D:1 |      37 |       0 |   0.0 |      18 |       0 |   0.0
        D:2 |      31 |       0 |   0.0 |      13 |       0 |   0.0
        D:3 |       7 |       0 |   0.0 |       3 |       0 |   0.0
            +---------+---------+-------+---------+---------+-------
